 Dungeon Crawl Stone Soup version 0.26.0-16-gc1dbca0489 (webtiles) character file.

Game seed: 5865973805854536414

24 kaeus the Magician (level 3, -4/21 HPs)
             Began as an Octopode Hedge Wizard on Jan 21, 2021.
             Slain by an ice beast (5 damage)
             ... on level 1 of the Dungeon.
             The game lasted 00:01:56 (1160 turns).

kaeus the Magician (Octopode Hedge Wizard)          Turns: 1160, Time: 00:01:57

Health: -4/21      AC:  1    Str:  9    XL:     3   Next: 2%
Magic:  3/7        EV: 13    Int: 17    God:
Gold:   56         SH:  0    Dex: 11    Spells: 1/8 levels left

rFire    . . .     SeeInvis .   a - +0 dagger
rCold    . . .     Faith    .   (no shield)
rNeg     . . .     Spirit   .   b - +0 hat
rPois    .         Reflect  .   (no amulet)
rElec    .         Harm     .   (no ring)
rCorr    .         Rampage  .   (no ring)
Will     .....                  (no ring)
Stlth    +++.......             (no ring)
HPRegen  0.07/turn              (no ring)
MPRegen  0.10/turn              (no ring)
                                (no ring)
                                (no ring)

@: very slightly contaminated
A: almost no armour, stealthy swim, amphibious, 8 rings, constrict 8, camouflage
1, gelatinous body 1
a: no special abilities


You were on level 1 of the Dungeon.
You visited 1 branch of the dungeon, and saw 2 of its levels.

You collected 56 gold pieces.

Inventory:

Hand Weapons
 a - a +0 dagger (weapon)
Armour
 b - a +0 hat (worn)
Scrolls
 c - a scroll of remove curse {unknown}
 d - a scroll of amnesia {unknown}
 e - a scroll of teleportation {unknown}
 f - a scroll of identify {unknown}
Potions
 g - a potion of haste {unknown}
 h - a potion of brilliance {unknown}


   Skills:
 + Level 2.2 Dodging
 + Level 3.1 Stealth
 + Level 3.1 Spellcasting
 + Level 1.4 Conjurations
 + Level 1.3 Summonings
 - Level 1.4 Translocations


You had one spell level left.
You knew the following spells:

 Your Spells              Type           Power        Failure   Level
a - Magic Dart            Conj           28%          10%         1
b - Call Imp              Summ           7%           16%         2
c - Slow                  Hex            2%           26%         2
d - Blink                 Tloc           N/A          14%         2

Your spell library contained the following spells:

 Spells                   Type           Power        Failure   Level
 Conjure Flame            Conj/Fire      5%           36%         3
 Mephitic Cloud           Conj/Pois/Air  4%           38%         3


Dungeon Overview and Level Annotations

Branches:
Dungeon (2/15)

Altars:


Innate Abilities, Weirdness & Mutations

You cannot wear most types of armour.
You are very stealthy in the water. (Stealth+)
You are amphibious.
You can wear up to eight rings at the same time.
You can use your tentacles to constrict eight enemies at once.
Your skin changes colour to match your surroundings (Stealth+).
Your rubbery body absorbs attacks. (AC +1, EV +1)


Message History

You now have 3/7 mp.
You closely miss the ice beast. Your squeeze misses the ice beast.
The ice beast hits you. The ice beast freezes you!
Your crimson imp hits the ice beast.
You take 8 damage, and have 13/21 hp.
MASSIVE DAMAGE!!
You hit the ice beast.
The ice beast is lightly wounded.
The ice beast hits you. The ice beast freezes you!
Ouch! That really hurt!
* * * LOW HITPOINT WARNING * * *
Your crimson imp hits the ice beast but does no damage.
You take 12 damage, and have 1/21 hp.
MASSIVE DAMAGE!!
The ice beast closely misses you. The frilled lizard closely misses you.
Your crimson imp hits the ice beast but does no damage.
You climb upwards.
Your summoned ally is left behind.
There is a stone staircase leading down here.
You hit the frilled lizard.
You kill the frilled lizard!
The ice beast hits you.
You die...

...#.....########.##.# #..#
...#...#.............## #..#
..#...###.######......#######..#
##....# #.# ##.#.##.#........#
.....####.#####....##.#.#####.##
...###.##.......#.....#.# #.#
####.......####....##.#.# #.#
.###.#.###.# ##Y#.##.#.#####.#
...........# #@#.##.........#
.......†#### #†#.##.#.#######
.##.##..# ######.#.##.#.#
.#.###..###...........#.# ..##
#....†...†.........# .##
##....[############# .# #######
##


You could see an ice beast.

Vanquished Creatures
  A giant cockroach (D:1)
  2 goblins (D:1)
  3 hobgoblins (D:1)
  4 jackals (D:1)
  3 bats (D:1)
  A frilled lizard (D:1)
  7 kobolds (D:1)
21 creatures vanquished.

Notes
Turn   | Place    | Note
-------+----------+-------------------------------------------
     0 | D:1      | kaeus the Octopode Hedge Wizard began the quest for the
                  | Orb.
     0 | D:1      | Reached XP level 1. HP: 11/11 MP: 4/4
   163 | D:1      | Reached XP level 2. HP: 10/17 MP: 0/6
  1069 | D:1      | Reached XP level 3. HP: 21/21 MP: 5/7
  1140 | D:2      | Noticed an ice beast
  1146 | D:1      | Learned a level 2 spell: Call Imp
  1149 | D:1      | Learned a level 2 spell: Slow
  1152 | D:1      | Learned a level 2 spell: Blink
  1157 | D:2      | HP: 1/21 [ice beast (11)]
  1160 | D:1      | Slain by an ice beast

Illustrated notes

Levels and vault maps discovered:
D:1:      dpeg_arrival_oval, layout_loops_ring, skrybe_limestone_x
D:2:      minmay_skewed_foursquare, layout_loops_ring, kennysheep_ying_yang,
          okawaru_ov_weapons_minmay

Skill      XL: |  1  2 |
---------------+-------+-----
Stealth        | 3 |  3.1
Dodging        | |  2.2
Spellcasting   | |  3.1
Conjurations   | |  1.4
Summonings     | |  1.3
Translocations | |  1.4

Action                   || total
-------------------------++-------
Melee: Dagger            ||    24
       Constrict         ||     7
       Tentacles         ||     4
 Cast: Magic Dart        ||    31
       Call Imp          ||     1
Armor: Skin              ||     3
Dodge: Dodged            ||    21
